 Dungeon Crawl Stone Soup version 0.31-a0-7-g51783674b7 (webtiles) character file.

Game seed: 12578875939961333300

71727 BlueFish the Arsonist (level 14, -4/123 (134) HPs)
             Began as a Red Draconian Fighter on May 5, 2023.
             Was a High Priest of Vehumet.
             Slain by Rupert
             ... wielding a +4 great mace of draining
              (8 damage)
             ... on level 13 of the Dungeon.
             The game lasted 01:31:49 (30396 turns).

BlueFish the Arsonist (Red Draconian Fighter)      Turns: 30396, Time: 01:31:50

HP:   -4/123 (134)  AC: 14    Str: 28    XL:     14   Next: 98%
MP:   25/25         EV: 14    Int: 17    God:    Vehumet [*****.]
Gold: 2396          SH:  6    Dex: 11    Spells: 4/28 levels left

rFire   + + .        a - staff of fire
rCold   + . .        u - +0 buckler
rNeg    . . .        (body armour unavailable)
rPois   +            o - +1 hat
rElec   +            Z - +2 cloak {Stlth+}
rCorr   .            T - +0 pair of gloves
SInv    .            O - +0 pair of boots of Kleptomania {rPois}
Will    +....        d - amulet of magic regeneration
Stlth   +++++        E - ring of protection from cold
HPRegen 0.40/turn    K - ring "Xilurixa" {Str+6 Int+5}
MPRegen 0.59/turn

%: no passive effects
@: about to teleport, very slightly contaminated, drained
A: breathe fire, AC +8, unfitting armour, fire resistance 1, cold-blooded,
clever 1, robust 1, electricity resistance
a: Breathe Fire, Renounce Religion


You were on level 13 of the Dungeon.
You worshipped Vehumet.
Vehumet was extremely pleased with you.
You visited 4 branches of the dungeon, and saw 21 of its levels.

You collected 2902 gold pieces.
You spent 506 gold pieces at shops.

Inventory:

Hand Weapons
 b - a +3 short sword of electrocution
 x - a +2 dagger of speed
Missiles
 R - 3 throwing nets
Armour
 o - a +1 hat (worn)
 u - a +0 buckler (worn)
 B - a +0 kite shield
 O - the +0 pair of boots of Kleptomania (worn) {rPois}
   (You bought it in a shop on level 7 of the Dungeon)

   rPois:     It protects you from poison.
 T - a +0 pair of gloves (worn)
 Z - a +2 cloak of stealth (worn)
Magical Staves
 a - a staff of fire (weapon)
Jewellery
 d - an amulet of magic regeneration (around neck)
 w - a +4 ring of protection
 E - a ring of protection from cold (left hand)
 F - a ring of resist corrosion
 I - a +6 ring of dexterity
 K - the ring "Xilurixa" (right hand) {Str+6 Int+5}
   (You found it on level 5 of the Lair of Beasts)

   [ring of strength]

   Str:       It affects your strength (+6).
   Int:       It affects your intelligence (+5).
 L - an amulet of reflection
 M - a ring of poison resistance
 N - a ring of flight
 S - a ring of positive energy
 X - a ring of protection from cold
Wands
 p - a wand of mindburst (10)
 v - a wand of polymorph (3)
 H - a wand of flame (11)
 Q - a wand of quicksilver (22)
 U - a wand of iceblast (5)
 Y - a wand of charming (22)
Scrolls
 g - a scroll of poison
 h - 2 scrolls of torment
 j - a scroll of vulnerability
 n - 3 scrolls of magic mapping
 s - a scroll of silence
 t - 3 scrolls of teleportation
 y - 2 scrolls of enchant weapon
 A - 4 scrolls of immolation
 C - 5 scrolls of amnesia
 J - 4 scrolls of fog
 V - a scroll of brand weapon {unknown}
 W - 4 scrolls of enchant armour
Potions
 c - 6 potions of might
 e - 5 potions of brilliance
 i - 3 potions of lignification
 k - 12 potions of curing
 l - 5 potions of ambrosia
 m - 3 potions of mutation
 q - 2 potions of cancellation
 r - 5 potions of flight
 z - a potion of attraction
 D - 2 potions of magic {unknown}
 P - a potion of berserk rage
Miscellaneous
 f - a box of beasts (inert)


   Skills:
 + Level 10.7 Fighting
 - Level 4.1 Short Blades
 + Level 8.2 Staves
 + Level 7.1 Dodging
 + Level 9.1 Stealth
 + Level 9.7 Shields
 + Level 7.6 Spellcasting
 + Level 8.3 Conjurations
 + Level 13.1 Fire Magic
 * Level 5.3 Air Magic
 + Level 8.8 Evocations


You had 4 spell levels left.
You knew the following spells:

 Your Spells              Type           Power      Damage    Failure   Level
a - Scorch                Fire           100%       2d9       1%          2
b - Flame Wave            Conj/Fire      59%        2d14      1%          4
c - Magic Dart            Conj           100%       1d8       1%          1
d - Foxfire               Conj/Fire      100%       2x1d9     1%          1
e - Searing Ray           Conj           68%        2d6       1%          2
f - Stone Arrow           Conj/Erth      40%        3d9       1%          3
g - Plasma Beam           Fire/Air       27%        2x1d43    11%         6
h - Arcjolt               Conj/Air       14%        1d24      5%          5

Your spell library contained the following spells:

 Spells                   Type           Power      Damage    Failure   Level
 Spellforged Servitor     Conj/Summ      10%        N/A       98%         7
 Kiss of Death            Conj/Necr      80%        2d11      1%          1
 Poisonous Vapours        Pois/Air       30%        N/A       1%          2
 Dazzling Flash           Conj/Hex       40%        N/A       1%          3
 Ignite Poison            Fire/Tmut/Pois 32%        N/A       1%          3
 Mephitic Cloud           Conj/Pois/Air  21%        N/A       1%          3
 Volatile Blastmotes      Fire/Tloc      86%        2d17      1%          3
 Sandblast                Erth           12%        2d6       3%          1
 Fulminant Prism          Conj/Hex       10%        3d9       6%          4
 Iskenderun's Mystic Bla  Conj/Tloc      20%        2d6       6%          4
 Apportation              Tloc           12%        N/A       12%         1
 Call Imp                 Summ           12%        N/A       19%         2
 Lesser Beckoning         Tloc           12%        N/A       19%         2
 Passwall                 Tmut/Erth      5%         N/A       19%         2
 Sublimation of Blood     Necr           6%         N/A       19%         2
 Confusing Touch          Hex            6%         N/A       36%         3
 Gell's Gravitas          Tloc           6%         N/A       36%         3
 Teleport Other           Tloc           6%         N/A       36%         3
 Animate Dead             Necr           6%         N/A       77%         4
 Dispel Undead            Necr           6%         3d8       77%         4
 Ice Form                 Ice/Tmut       6%         N/A       77%         4
 Petrify                  Tmut/Erth      6%         N/A       77%         4
 Freezing Cloud           Conj/Ice/Air   10%        6-21      13%         5
 Irradiate                Conj/Tmut      10%        3d15      16%         5
 Lee's Rapid Deconstruct  Erth           3%         3d5*      61%         5
 Silence                  Hex/Air        7%         N/A       75%         5
 Agony                    Necr           6%         N/A       98%         5
 Alistair's Intoxication  Tmut/Pois      4%         N/A       98%         5
 Borgnjor's Vile Clutch   Necr/Erth      3%         N/A       98%         5
 Death Channel            Necr           3%         N/A       100%        6
 Dispersal                Tloc           3%         N/A       100%        6
 Summon Cactus Giant      Summ           3%         N/A       100%        6
 Necromutation            Tmut/Necr      3%         N/A       100%        8


Dungeon Overview and Level Annotations

Branches:
Dungeon (13/15)            Temple (1/1) D:4            Lair (5/5) D:8
  Swamp (0/4) Lair:3       Spider (0/4) Lair:2        Slime (0/5) Lair:5
    Orc (2/2) D:10            Elf (0/3) Orc:2        Vaults (0/5) D:13

Altars:
Elyvilon
Fedhas
Gozag
Hepliaklqana
Okawaru
Qazlal
Sif Muna
Trog
Uskayaw
Vehumet
Wu Jian
Xom
The Shining One

Shops:
D:5 *   D:7 [   D:8 :   Orc:2 ?([?

Annotations:
D:8 Prince Ribbit
D:13 Rupert
Lair:1 1 runed translucent door, mnelsen79's ghost, journeyman MiFi
Lair:2 1 runed translucent door, qeuew's ghost, journeyman MiFi
Lair:5 1 runed translucent door


Innate Abilities, Weirdness & Mutations

You can breathe blasts of fire.
Your fiery red scales are hard. (AC +8)
You cannot fit into any form of body armour.
Your flesh is heat resistant. (rF+)
You are cold-blooded and may be slowed by cold attacks.
Your mind is acute. (Int +4, Str/Dex -1)
You are robust. (+10% HP)
You are resistant to electric shocks. (rElec)


Message History

Rupert is moderately wounded.
The human is struck by an electric surge!
You kill the human!
Vehumet accepts your kill.
You feel your power returning.
The orc priest is struck by an electric surge!
You kill the orc priest!
Vehumet accepts your kill.
You feel your power returning.
The orc knight is struck by an electric surge!
The orc knight is heavily wounded.
The centaur warrior hits you! The centaur warrior misses you.
You block Rupert's attack.
The orc knight hits you from afar with a +2 glaive!!
The orc knight completely misses you. The human closely misses you.
Blink to where?
Press: ? - help, Dir - move target A two-headed ogre comes into view.
It is wielding a +0 giant club and a +0 dire flail.
As you read the scroll of blinking, it crumbles to dust.
The centaur warrior hits you but does no damage.
The centaur warrior completely misses you.
The centaur warrior misses you. You block the centaur warrior's attack.
Rupert hits you with a +4 great mace of draining!!
* * * LOW HITPOINT WARNING * * *
You feel drained.
* * * LOW HITPOINT WARNING * * *
Okay, then.
Okay, then.
Okay, then.
Casting: Arcjolt (dangerous; 5% risk of failure)
Confirm with . or Enter, or press ? or * to list all spells.
Okay, then.
As you read the scroll of teleportation, it crumbles to dust.
You feel strangely unstable.
The centaur warrior hits you but does no damage.
The centaur warrior barely misses you.
Rupert hits you with a +4 great mace of draining!!
* * * LOW HITPOINT WARNING * * *
You feel drained.
You die...

#. .#
#.########O##
#...........#
#...........#
#.......)...#
#......)....#
#.......)...#
#...†@@po...#
#....>c.....#
.......†.§....#
###....†o....##
#..........#
#..........#
............#
..#.#.#.#.#.#
..#.#.#.#.#.#


You could see Rupert (berserk), 2 orc knights, a centaur warrior, a two-headed
ogre and a human.

Vanquished Creatures
  2 orc warlords (Orc:1)
  Nessos (Orc:2)
  A minotaur (Lair:1)
  Josephine (D:11)
  Fannar (D:10)
  The ghost of BlasphemerAmon the Cleaver, a journeyman HOFi of Beogh (D:11)
  3 hydras
  2 catoblepae (Lair:5)
  A boulder beetle (Lair:2)
  Erica (Lair:2)
  2 two-headed ogres
  5 orc high priests
  4 death yaks
  Sonja (D:12)
  2 lindwurms (Lair:5)
  Pikel (D:5)
  7 orc knights
  An ugly thing (D:12)
  2 manticores (Lair:5)
  4 orc sorcerers
  A cyclops (Orc:1)
  Maurice (D:11)
  4 elephants (Lair:4)
  An ice statue (Lair:3)
  10 black mambas
  13 cane toads
  A torpor snail (Lair:5)
  Joseph (D:8)
  An orange demon (D:11)
  3 gargoyles
  7 kobold demonologists
  4 rime drakes
  7 komodo dragons
  Psyche (D:8)
  A freezing wraith (Lair:3)
  A queen bee (Lair:2)
  4 polar bears
  2 ice devils (D:11)
  5 trolls
  2 hornets
  9 blink frogs
  5 slime creatures (D:12)
  2 culicivoras (Lair:2)
  A jumping spider (Lair:2)
  5 wraiths
  2 wyverns
  55 yaks
  3 basilisks
  Grum (D:8)
  15 humans (D:13)
  4 steam dragons
  2 redbacks (Lair:2)
  Menkaure (D:5)
  4 vampire mosquitoes
  A warg (Orc:2)
  3 acid dragons
  9 water moccasins
  36 orc warriors
  A swamp drake (Lair:5)
  7 ice beasts
  4 black bears
  5 ogres
  3 sky beasts
  8 wolves
  2 centaurs
  A lemure (D:5)
  16 kobold brigands
  2 phantoms
  7 bullfrogs
  4 gnoll sergeants
  3 scorpions
  3 wights (D:8)
  27 killer bees
  3 electric eels (Lair:1)
  2 howler monkeys (D:10)
  3 quasits
  5 hounds
  20 orc priests
  A gnoll bouda (D:6)
  Jessica (D:2)
  Ijyb (D:5)
  4 iguanas
  30 orc wizards
  4 hell rats (Lair:2)
  29 gnolls
  2 adders (D:6)
  5 white imps
  An ufetubus (D:5)
  A dart slug (D:4)
  65 orcs
  10 endoplasms
  3 giant cockroaches
  10 goblins
  5 hobgoblins
  8 jackals
  5 quokkas
  8 ball pythons
  5 bats
  8 frilled lizards
  24 kobolds
  5 rats
  3 foxfires
635 creatures vanquished.

Vanquished Creatures (collateral kills)
  An orc sorcerer (Orc:2)
  46 foxfires
47 creatures vanquished.

Vanquished Creatures (others)
  A troll (D:9)
  6 demonic plants (D:11)
  2086 foxfires
  36 fungi
  98 plants
2227 creatures vanquished.

Grand Total: 2909 creatures vanquished

Notes
Turn   | Place    | Note
-------+----------+-------------------------------------------
     0 | D:1      | BlueFish the Draconian Fighter began the quest for the Orb.
     0 | D:1      | Reached XP level 1. HP: 19/19 MP: 1/1
   250 | D:1      | Reached XP level 2. HP: 26/26 MP: 2/2
   562 | D:1      | Reached skill level 1 in Stealth
   845 | D:1      | Reached XP level 3. HP: 31/31 MP: 3/3
   937 | D:2      | Noticed Jessica
  1323 | D:2      | Killed Jessica
  1324 | D:2      | Reached XP level 4. HP: 27/40 MP: 4/4
  1485 | D:2      | Found a bloodstained altar of Trog.
  2170 | D:3      | Found a faded altar of an unknown god.
  2650 | D:4      | Noticed a scorpion
  2660 | D:4      | Killed a scorpion
  2661 | D:4      | Reached XP level 5. HP: 46/46 MP: 5/5
  3063 | D:3      | Reached skill level 1 in Evocations
  3251 | D:4      | Found a staircase to the Ecumenical Temple.
  3306 | D:4      | Reached XP level 6. HP: 46/53 MP: 6/6
  3360 | D:4      | Got Sif Muna's Incunable of the Changing Cure
  3550 | D:5      | Entered Level 5 of the Dungeon
  3550 | D:5      | Noticed Ijyb
  3551 | D:5      | Noticed Pikel
  3890 | D:5      | Killed Pikel
  3891 | D:5      | Reached skill level 5 in Fighting
  3891 | D:5      | Your scales start taking on a fiery red colour.
  3891 | D:5      | Reached XP level 7. HP: 30/61 MP: 7/7
  3891 | D:5      | Gained mutation: Your flesh is heat resistant. (rF+) [Red
                  | Draconian growth]
  3895 | D:5      | Learned a level 2 spell: Scorch
  3900 | D:5      | Learned a level 4 spell: Flame Wave
  3913 | D:5      | Noticed Menkaure
  4152 | D:5      | Reached XP level 8. HP: 23/69 MP: 8/8
  4362 | D:5      | Killed Ijyb
  4363 | D:5      | Reached skill level 1 in Fire Magic
  4489 | D:5      | Killed Menkaure
  4601 | D:5      | Found Saefiw's Assorted Antiques.
  4631 | D:5      | Reached skill level 1 in Staves
  4651 | D:5      | Bought a scroll labelled WUIR ARHIEDEY for 24 gold pieces
  4651 | D:5      | Bought a bone wand for 96 gold pieces
  4651 | D:5      | Bought a metallic clear potion for 21 gold pieces
  4651 | D:5      | Bought a scroll labelled SAVITE OSKA for 24 gold pieces
  5156 | D:6      | Reached skill level 1 in Spellcasting
  5156 | D:6      | Reached skill level 1 in Conjurations
  5156 | D:6      | Reached skill level 2 in Fire Magic
  5220 | D:6      | Found a shimmering blue altar of Sif Muna.
  5283 | D:6      | Reached skill level 5 in Shields
  5479 | D:6      | Found an opulent altar of Gozag.
  5521 | Temple   | Entered the Ecumenical Temple
  5528 | Temple   | Became a worshipper of Vehumet
  5718 | D:6      | Reached skill level 3 in Fire Magic
  6027 | D:6      | Reached XP level 9. HP: 74/75 MP: 11/11
  6073 | D:6      | Reached skill level 4 in Fire Magic
  6298 | D:6      | Reached skill level 5 in Dodging
  6976 | D:7      | Reached * piety under Vehumet
  6976 | D:7      | Offered knowledge of Magic Dart by Vehumet.
  6986 | D:7      | Learned a level 1 spell: Magic Dart
  7467 | D:7      | Found Zakutaz's Armour Boutique.
  7476 | D:7      | Bought the +0 pair of boots of Kleptomania {rPois} for 188
                  | gold pieces
  7728 | D:7      | Reached skill level 5 in Fire Magic
  7775 | D:7      | Found a hazy altar of Hepliaklqana.
  8165 | D:8      | Noticed a two-headed ogre
  8304 | D:8      | Killed a two-headed ogre
  8387 | D:8      | Reached XP level 10. HP: 54/84 MP: 10/14
  8492 | D:8      | Noticed Psyche
  8581 | D:8      | Noticed Prince Ribbit
  8803 | D:8      | Found Otirch Wany's Tiny Tomes.
  8815 | D:8      | Bought Imose's Almanac of the Volley for 48 gold pieces
  8817 | D:8      | Learned a level 1 spell: Foxfire
  8885 | D:8      | Reached skill level 5 in Stealth
  8885 | D:8      | Reached skill level 6 in Fire Magic
  8997 | D:8      | Noticed Grum
  9018 | D:8      | Killed Grum
  9287 | D:8      | Found a glowing golden altar of the Shining One.
  9301 | D:8      | Reached ** piety under Vehumet
  9321 | D:8      | Offered knowledge of Shock by Vehumet.
  9586 | D:8      | Noticed Joseph
  9729 | D:8      | Found a staircase to the Lair.
 10138 | D:8      | Killed Joseph
 10332 | D:9      | Found an iron altar of Okawaru.
 10635 | D:9      | Noticed a two-headed ogre
 10863 | D:9      | Reached skill level 7 in Fire Magic
 11113 | D:9      | Found a blossoming altar of Fedhas.
 11189 | D:9      | Reached skill level 5 in Evocations
 11349 | D:8      | Offered knowledge of Searing Ray by Vehumet.
 11353 | D:8      | Learned a level 2 spell: Searing Ray
 11945 | D:8      | Killed Psyche
 12132 | D:9      | Killed a two-headed ogre
 12475 | D:10     | Entered Level 10 of the Dungeon
 12555 | D:9      | Reached XP level 11. HP: 66/92 MP: 9/17
 12976 | D:10     | Noticed Fannar
 12988 | D:10     | Killed Fannar
 12989 | D:10     | Reached skill level 8 in Fire Magic
 12994 | D:10     | Reached *** piety under Vehumet
 13233 | D:10     | Identified the +5 war axe of Stained Courage {flame, rElec
                  | rC++ Dex+3 Stlth-}
 13389 | D:10     | Found a staircase to the Orcish Mines.
 13675 | D:10     | Found an ornate altar of the Wu Jian Council.
 14100 | D:11     | Noticed Josephine
 14327 | D:11     | Reached skill level 5 in Staves
 14344 | D:11     | Offered knowledge of Volatile Blastmotes by Vehumet.
 14353 | D:11     | Reached skill level 5 in Conjurations
 14363 | D:11     | Learned a level 3 spell: Stone Arrow
 14859 | D:11     | Noticed Maurice
 15040 | D:11     | Reached skill level 9 in Fire Magic
 15042 | D:11     | Gained mutation: You are frail. (-10% HP) [a neqoxec]
 15058 | D:11     | Lost mutation: You are frail. (-10% HP) [potion of
                  | mutation]
 15058 | D:11     | Gained mutation: You have hidden genetic potential. [potion
                  | of mutation]
 15058 | D:11     | Gained mutation: You are robust. (+10% HP) [potion of
                  | mutation]
 15074 | D:11     | Killed Maurice
 15316 | D:11     | Found a runed translucent gate.
 15316 | D:11     | Found a runed translucent gate.
 15316 | D:11     | Found a runed translucent gate.
 15710 | D:11     | Killed Josephine
 15711 | D:11     | Reached skill level 5 in Spellcasting
 15719 | D:11     | Reached **** piety under Vehumet
 15946 | D:11     | Noticed BlasphemerAmon's ghost (journeyman HOFi)
 15967 | D:11     | Reached XP level 12. HP: 78/113 MP: 11/19
 16398 | Lair:1   | Entered Level 1 of the Lair of Beasts
 16527 | Lair:1   | Found a runed translucent door.
 16704 | Lair:1   | Offered knowledge of Iskenderun's Battlesphere by Vehumet.
 16807 | Lair:1   | Reached skill level 10 in Fire Magic
 17645 | Lair:1   | Gained mutation: Your mind is acute. (Int +4, Str/Dex -1)
                  | [hidden potential]
 17913 | Lair:1   | Found a runed translucent door.
 17914 | Lair:1   | Found a shimmering altar of Xom.
 17914 | Lair:1   | Noticed mnelsen79's ghost (journeyman MiFi)
 18535 | Lair:2   | Noticed Erica
 18543 | Lair:2   | Killed Erica
 18622 | Lair:2   | Found a hole to the Spider Nest.
 18693 | Lair:2   | Reached skill level 11 in Fire Magic
 18702 | Lair:2   | Reached ***** piety under Vehumet
 18712 | Lair:2   | Offered knowledge of Olgreb's Toxic Radiance by Vehumet.
 18804 | Lair:2   | Noticed a boulder beetle
 18832 | Lair:2   | Killed a boulder beetle
 19065 | Lair:2   | Found a hide-covered altar of Uskayaw.
 19065 | Lair:2   | Found an ornate altar of the Wu Jian Council.
 19179 | Lair:2   | Found a runed translucent door.
 19180 | Lair:2   | Noticed qeuew's ghost (journeyman MiFi)
 19636 | Lair:3   | Reached XP level 13. HP: 122/122 MP: 15/21
 19955 | Lair:3   | Found a staircase to the Swamp.
 21859 | Lair:4   | Gained mutation: You are resistant to electric shocks.
                  | (rElec) [hidden potential]
 21859 | Lair:4   | Lost mutation: You have hidden genetic potential. [hidden
                  | potential expressed]
 22195 | Lair:4   | Identified the +3 leather armour of the Scribe {Dex+3}
 22458 | Lair:4   | Reached skill level 12 in Fire Magic
 23227 | Lair:4   | Offered knowledge of Plasma Beam by Vehumet.
 23239 | Lair:4   | Learned a level 6 spell: Plasma Beam
 23442 | Lair:5   | Entered Level 5 of the Lair of Beasts
 23442 | Lair:5   | Noticed an acid blob
 23442 | Lair:5   | Noticed an acid blob
 23442 | Lair:5   | Found a runed translucent door.
 23682 | Lair:5   | Reached skill level 1 in Air Magic
 24053 | Lair:5   | Found a staircase to the Slime Pits.
 24703 | Lair:5   | Reached skill level 10 in Fighting
 24944 | Lair:5   | Reached XP level 14. HP: 34/133 MP: 24/24
 25279 | Lair:5   | Identified the ring "Xilurixa" {Str+6 Int+5}
 26019 | Orc:1    | Entered Level 1 of the Orcish Mines
 26121 | Orc:1    | Noticed an orc warlord
 26139 | Orc:1    | Killed an orc warlord
 26757 | Orc:2    | Entered Level 2 of the Orcish Mines
 26777 | Orc:2    | Offered knowledge of Arcjolt by Vehumet.
 26787 | Orc:2    | Learned a level 5 spell: Arcjolt
 26841 | Orc:2    | Noticed Nessos
 27109 | Orc:2    | Killed Nessos
 27901 | Orc:2    | Found Wyis's Armour Boutique.
 27904 | Orc:2    | Paralysed by an orc sorcerer for 4 turns
 28246 | Orc:1    | Found a bloodstained altar of Trog.
 28361 | Orc:1    | Noticed an orc warlord
 28370 | Orc:1    | Killed an orc warlord
 28698 | Orc:2    | Reached skill level 13 in Fire Magic
 28823 | Orc:2    | Found a staircase to the Elven Halls.
 29030 | Orc:2    | Found Mosutt's Magic Scroll Emporium.
 29034 | Orc:2    | Bought a +0 pair of gloves for 63 gold pieces
 29042 | Orc:2    | Found Zourphe's Weapon Emporium.
 29044 | Orc:2    | Found Maytelaw's Magic Scroll Boutique.
 29053 | Orc:2    | Bought a scroll of teleportation for 42 gold pieces
 29194 | D:11     | Killed BlasphemerAmon's ghost
 29490 | D:12     | Reached skill level 5 in Air Magic
 29501 | D:12     | Noticed Sonja
 29520 | D:12     | Killed Sonja
 30157 | D:12     | Offered knowledge of Spellforged Servitor by Vehumet.
 30388 | D:13     | Noticed Rupert
 30388 | D:13     | Found a gate to the Vaults.
 30396 | D:13     | HP: 4/129 [Rupert/+4 great mace of draining (27)]
 30396 | D:13     | Slain by Rupert

Illustrated notes

Levels and vault maps discovered:
D:1:      minmay_arrival_wavy_path, layout_basic, kennysheep_minor_cross
D:2:      minmay_angry_zag, layout_basic, basic_altar, uniq_jessica
D:3:      layout_basic, hellmonk_ecumenical_altar_pennies_from_heaven
D:4:      layout_rooms, minmay_temple_entry_waves
D:5:      layout_cave_pods, serial_shops, shop_statue, uniq_ijyb, uniq_pikel,
          uniq_menkaure
D:6:      minmay_polygon_palace, layout_rooms, kennysheep_little_box,
          old_standard_altar
D:7:      layout_loops_cross, nicolae_hepliaklqana_hippocampus, serial_shops,
          nicolae_shop_temple_entry_statues_fountains
D:8:      layout_cave_pods, nicolae_overflow_crystal_walls,
          grunt_lair_entry_orc_guard_hut, nicolae_shop_i_like_small_books_too,
          uniq_prince_ribbit1, uniq_psyche, uniq_joseph, uniq_grum
D:9:      layout_loops_ring, general_overflow_altar,
          mainiacjoe_overflow_small_starburst, due_unseen_surprise
D:10:     layout_basic, nicolae_wu_jian_immortal_techniques,
          minmay_misc_feat_doors, uniq_fannar
D:11:     layout_long_grid, serial_demonic, serial_demonic_f, serial_demonic_g,
          serial_demonic_g, serial_demonic_d, gammafunk_ghost_nasty_kobolds,
          uniq_maurice, uniq_josephine
D:12:     layout_layer_cave, uniq_sonja
D:13:     layout_basic, david_vaults_3, serial_shops, kennysheep_mini,
          grunt_ministairs_9
Temple:   nicolae_temple_superstar
Lair:1:   dreamdust_labyrinth, layout_loops_ring, ebering_ghost_xom,
          serial_bayou, serial_bayou_shore_b, serial_bayou_ford_a,
          serial_bayou_lagoon_b, serial_bayou_pond_c, hibernation_bobbens
Lair:2:   layout_cellular_growth, nicolae_spider_entry_tight_spaces,
          ebering_ghost_reflecting_pool, special_room [special_room_bee],
          chequers_serial_rivers_room_a, st_stairs_4,
          nzn_masters_of_martial_movement, uniq_erica
Lair:3:   layout_cave_pods, swamp_mist, ice2_lemuel
Lair:4:   layout_layer_cave, cheibrodos_lair_reptile_den, grunt_megastairs_3
Lair:5:   hangedman_lair_in_review, layout_gridlike, slime_entry_2,
          guppyfry_lair_drakes, infiniplex_staircase_pool_2
Orc:1:    orc_temple, layout_caves, basic_altar
Orc:2:    st_orc_elflike, layout_diamond_mine, mines2_david, uniq_rupert,
          uniq_nessos

Skill      XL: |  1  2  3  4  5  6  7  8  9 10 11 12 13 14 |
---------------+-------------------------------------------+-----
Stealth        | 1 2 3 4 5 6 7 8 9 |  9.1
Dodging        | 3 4 5 6 7 |  7.1
Fighting       | 4 5 6 7 8 9 10 | 10.7
Short Blades   | 3 4 |  4.1
Evocations     | 1 2 3 4 5 6 7 8 |  8.8
Shields        | 4 5 6 7 8 9 |  9.7
Fire Magic     | 3 5 7 9 11 12 13 | 13.1
Staves         | 2 3 4 5 6 7 8 |  8.2
Spellcasting   | 1 3 4 5 6 7 |  7.6
Conjurations   | 2 3 4 5 6 7 8 |  8.3
Air Magic      | 2 5 |  5.3

Action                     |  1- 3 |  4- 6 |  7- 9 | 10-12 | 13-15 || total
---------------------------+-------+-------+-------+-------+-------++-------
  Melee: Rapier            |    99 |       |       |       |       ||    99
         Tailslap          |    11 |    26 |    36 |    27 |    23 ||   123
         Dagger            |    50 |   123 |       |       |       ||   173
         Short sword       |       |   112 |   180 |       |       ||   292
         Staff             |       |       |    73 |   134 |   131 ||   338
   Fire: Sling             |       |    35 |    34 |       |       ||    69
   Cast: Scorch            |       |       |    61 |   174 |    76 ||   311
         Magic Dart        |       |       |    22 |     6 |     2 ||    30
         Foxfire           |       |       |       |   598 |   620 ||  1218
         Flame Wave        |       |       |       |    24 |    29 ||    53
         Searing Ray       |       |       |       |     5 |     1 ||     6
         Stone Arrow       |       |       |       |     4 |    42 ||    46
         Plasma Beam       |       |       |       |       |    59 ||    59
         Arcjolt           |       |       |       |       |     8 ||     8
Ability: Breathe Fire      |       |       |     6 |    16 |     4 ||    26
  Evoke: Wand              |       |     3 |     5 |    11 |     1 ||    20
         Box of beasts     |       |       |       |     1 |     1 ||     2
    Use: Scroll            |       |       |     1 |    17 |    13 ||    31
         Potion            |       |       |       |     1 |     3 ||     4
   Stab: Sleeping          |     3 |     4 |     1 |       |       ||     8
 Armour: Skin              |    42 |    56 |    77 |   152 |    95 ||   422
  Dodge: Dodged            |    72 |    91 |   172 |   311 |   170 ||   816
  Block: Buckler           |    21 |    27 |    54 |   128 |    79 ||   309
         Kite shield       |       |    17 |    13 |       |       ||    30

Table legend: (Time is in decaauts)
 A = Elapsed time spent in this place.
 B = Non-inter-level travel time spent in this place.
 C = Inter-level travel time spent in this place.
 D = Time resting spent in this place.
 E = Time spent auto-exploring this place.
 F = Levels seen in this place.
 G = Mean time per level.
                   A        B        C        D        E       F      G
               +--------+--------+--------+--------+--------+-----+--------+
         Total |  30421 |  29062 |   1359 |   1982 |  21526 |  21 | 1448.6 |
       Dungeon |  17700 |  16705 |    995 |   1020 |  12267 |  13 | 1361.5 |
        Temple |     14 |     14 |      0 |      0 |      0 |   1 |   14.0 |
          Lair |   9601 |   9320 |    281 |    473 |   7318 |   5 | 1920.2 |
  Orcish Mines |   3104 |   3022 |     82 |    489 |   1940 |   2 | 1552.0 |
               +--------+--------+--------+--------+--------+-----+--------+

Top non-repeatable levels by time:
     D:8: 2507 daAuts
    D:11: 2467 daAuts
     D:9: 2191 daAuts
  Lair:1: 2190 daAuts
  Lair:4: 2057 daAuts
  Lair:3: 1979 daAuts
  Lair:5: 1929 daAuts
   Orc:2: 1613 daAuts
    D:10: 1523 daAuts
     D:5: 1503 daAuts
   Orc:1: 1491 daAuts
  Lair:2: 1444 daAuts
     D:7: 1424 daAuts
     D:6: 1319 daAuts
     D:3: 1197 daAuts
